Map: Zen LE

Players

Solar - Winner!

  • Race: Zerg Zerg
  • Spawn Location: 1:00

Elazer

  • Race: Zerg Zerg
  • Spawn Location: 7:00

Event: IEM Katowice 2020

VOD

Have the link to the VOD?

Description

Time

  • Played on: Feb. 28, 2020, 5:15 a.m.
  • Length: 12:29

All games in this series

Show
View Real Time Build Order
Export as new Build Order

Solar Zerg - Winner!

Build Orders: Hatch First, Lurkers 

Get SALT Encoding   

  12  0:01  Drone  
  13  0:12  Overlord  
  13  0:17  Drone  
  14  0:30  Drone x2  
  16  0:48  Hatchery  
  15  0:51  Drone  
  15  0:55  Drone  
  17  0:59  Drone  
  18  1:09  Extractor  
  17  1:15  Spawning Pool  
  17  1:17  Drone  
  17  1:20  Drone  
  18  1:28  Drone  
  19  1:39  Drone  
  20  1:48  Overlord  
  20  2:01  Queen x2  
  20  2:02  Drone x2  
  26  2:09  Metabolic Boost  
  26  2:12  Drone x2  
  28  2:21  Zergling x2  
  30  2:22  Drone  
  30  2:34  Hatchery  
  29  2:37  Drone  
  29  2:39  Drone  
  31  2:47  Queen  
  33  2:54  Baneling Nest  
  33  2:55  Overlord  
  33  2:57  Drone  
  33  3:00  Zergling x2  
  33  3:03  Drone  
  35  3:08  Drone  
  36  3:14  Zergling x8  
  36  3:16  Zergling x2  
  36  3:19  Zergling x2  
  42  3:20  Zergling x2  
  42  3:25  Evolution Chamber  
  42  3:28  Drone  
  42  3:30  Overlord  
  44  3:40  Overlord  
  44  3:46  Drone  
  45  3:49  Drone x3  
  45  3:50  Drone  
  45  3:54  Drone  
  45  3:55  Drone  
  50  3:56  Drone  
  50  3:57  Drone  
  50  3:58  Drone x2  
  50  3:59  Drone  
  50  4:02  Zerg Missile Weapons Level 1  
  51  4:06  Roach Warren  
  51  4:09  Zergling x4  
  52  4:12  Zergling x2  
  52  4:14  Zergling x2  
  54  4:17  Zergling x4  
  54  4:20  Zergling x4  
  54  4:21  Zergling x2  
  57  4:25  Extractor  
  57  4:27  Overlord  
  57  4:29  Drone x2  
  57  4:35  Drone  
  57  4:37  Drone  
  57  4:38  Drone  
  59  4:39  Drone x2  
  59  4:40  Lair  
  59  4:44  Extractor, Overlord  
  60  4:46  Drone  
  60  4:50  Drone x3  
  64  4:53  Drone  
  64  4:54  Drone  
  64  4:57  Drone  
  64  4:58  Drone x2  
  69  5:01  Pneumatized Carapace  
  69  5:03  Drone  
  69  5:05  Drone  
  69  5:06  Drone  
  71  5:07  Drone  
  71  5:10  Overlord  
  71  5:12  Extractor x2, Drone  
  71  5:13  Drone  
  71  5:17  Roach x2  
  71  5:19  Roach  
  77  5:23  Drone x2  
  77  5:24  Drone  
  77  5:25  Drone x2  
  77  5:28  Overlord  
  82  5:29  Drone  
  82  5:30  Extractor  
  82  5:35  Overlord  
  82  5:37  Overlord  
  82  5:41  Overseer  
  82  5:42  Glial Reconstitution  
  81  5:46  Overlord  
  81  5:47  Drone x2  
  81  5:49  Drone x2  
  85  5:50  Drone x2  
  85  5:52  Roach  
  85  5:55  Overseer, Zerg Missile Weapons Level 2  
  89  5:57  Roach x2  
  89  5:59  Roach x2  
  89  6:01  Roach  
  99  6:06  Spine Crawler, Roach  
  99  6:07  Roach  
  99  6:10  Roach  
  99  6:11  Roach  
  106  6:14  Overlord  
  106  6:17  Spine Crawler  
  105  6:19  Overlord  
  105  6:20  Overlord  
  105  6:22  Overlord  
  105  6:27  Overlord  
  105  6:28  Evolution Chamber  
  105  6:29  Overlord  
  106  6:33  Roach x4  
  106  6:37  Roach x2  
  115  6:40  Roach x3  
  115  6:41  Roach  
  115  6:43  Roach  
  125  6:48  Roach  
  125  6:52  Roach x5  
  136  6:56  Roach x2  
  136  6:59  Roach x2  
  144  7:04  Zerg Ground Armor Level 1  
  144  7:08  Roach x2  
  147  7:11  Roach  
  144  7:16  Roach x2  
  144  7:20  Hatchery  
  144  7:21  Overseer, Roach  
  144  7:22  Infestation Pit  
  144  7:24  Overseer  
  144  7:26  Drone  
  144  7:27  Overseer  
  144  7:29  Roach  
  147  7:34  Roach x2  
  151  7:38  Overlord  
  151  7:40  Overlord  
  151  7:43  Overlord x2  
  151  7:44  Overseer  
  151  7:46  Ravager  
  151  7:47  Ravager x2, Overlord  
  151  7:50  Overlord  
  154  7:57  Roach x4  
  162  8:01  Roach x5  
  162  8:04  Ravager  
  162  8:05  Ravager, Overlord  
  174  8:08  Roach  
  176  8:16  Roach x4  
  184  8:21  Hydralisk Den, Roach x2  
  184  8:23  Overlord x2  
  184  8:25  Roach  
  184  8:26  Roach  
  191  8:29  Ravager x3  
  191  8:32  Roach x2  
  198  8:35  Roach  
  200  8:43  Hive  
  200  8:52  Extractor  
  199  9:03  Overseer  
  199  9:04  Overseer, Spine Crawler  
  199  9:06  Drone x2, Zerg Ground Armor Level 2  
  199  9:08  Grooved Spines  
  200  9:12  Lurker Den, Roach  
  200  9:15  Roach x2  
  199  9:18  Queen  
  199  9:33  Roach x2  
  199  9:34  Roach  
  200  9:38  Ravager  
  200  9:41  Extractor  
  193  9:53  Roach x2  
  193  9:55  Roach x3  
  199  10:10  Ravager  
  199  10:12  Seismic Spines  
  200  10:27  Overseer, Overlord  
  198  10:48  Roach Warren  
  188  10:50  Queen  
  184  10:59  Hydralisk x8  
  198  11:05  Hydralisk x4  
  198  11:06  Hydralisk x3  
  198  11:08  Drone, Hydralisk x2  
  198  11:09  Adaptive Talons  
  197  11:12  Queen  
  197  11:14  Drone  
  197  11:15  Drone x4  
  189  11:20  Hydralisk x5  
  189  11:21  Hydralisk x3  
  186  11:26  Hydralisk x6  
  195  11:37  Drone x2  
  195  11:38  Drone  
  195  11:39  Drone x2  
  193  11:43  Evolution Chamber  
  190  11:51  Lurker x6  
  196  11:56  Overseer, Drone  
Show
View Real Time Build Order
Export as new Build Order

Elazer Zerg 

Build Orders: Hatch First 

Get SALT Encoding   

  12  0:00  Drone  
  13  0:12  Overlord  
  13  0:17  Drone  
  14  0:30  Drone x2  
  16  0:47  Hatchery  
  15  0:51  Drone  
  15  0:54  Drone  
  17  0:58  Drone  
  18  1:08  Extractor  
  17  1:12  Spawning Pool  
  17  1:16  Drone  
  17  1:19  Drone  
  18  1:27  Drone  
  19  1:38  Drone  
  20  1:49  Drone  
  21  1:59  Queen x2  
  21  2:00  Drone x2  
  27  2:13  Hatchery  
  26  2:18  Overlord  
  26  2:21  Drone  
  27  2:23  Drone  
  28  2:38  Drone x3  
  28  2:39  Queen  
  28  2:42  Metabolic Boost  
  33  2:48  Overlord  
  33  2:50  Drone  
  34  2:53  Drone x2  
  36  3:01  Roach Warren  
  35  3:06  Drone  
  35  3:10  Drone x2  
  35  3:11  Drone x2  
  40  3:16  Queen  
  42  3:20  Overlord  
  42  3:25  Queen  
  44  3:27  Drone  
  44  3:31  Zergling x4  
  47  3:34  Zergling x2  
  47  3:38  Zergling x4  
  47  3:40  Zergling x2  
  47  3:41  Zergling x2  
  52  3:44  Roach x2  
  55  3:48  Zergling x4  
  55  4:02  Drone x4  
  58  4:07  Overlord  
  58  4:14  Lair  
  58  4:16  Extractor  
  56  4:19  Evolution Chamber  
  56  4:20  Drone x3  
  58  4:25  Drone x4  
  61  4:33  Overlord  
  61  4:36  Drone x5  
  65  4:39  Extractor  
  65  4:44  Zergling x2, Overlord  
  65  4:47  Zerg Missile Weapons Level 1  
  65  4:48  Overlord  
  65  4:53  Roach x2  
  65  4:55  Drone x3  
  65  4:56  Drone  
  65  4:58  Extractor  
  72  5:02  Drone x2  
  72  5:05  Drone x3  
  72  5:06  Drone  
  78  5:10  Overlord  
  78  5:11  Drone  
  78  5:12  Drone x2  
  78  5:13  Overseer  
  80  5:14  Extractor  
  80  5:17  Overlord  
  80  5:18  Glial Reconstitution  
  79  5:22  Overlord  
  79  5:25  Roach x2  
  83  5:28  Overlord  
  83  5:32  Pneumatized Carapace  
  83  5:34  Overlord  
  83  5:36  Overlord  
  83  5:40  Roach x2  
  87  5:45  Roach  
  87  5:46  Roach x2  
  87  5:49  Overlord  
  93  5:51  Roach x2  
  93  5:54  Roach  
  99  5:57  Overlord  
  99  5:59  Overlord  
  99  6:00  Extractor  
  98  6:08  Roach x5  
  98  6:10  Overlord  
  108  6:14  Overlord  
  108  6:16  Roach x2  
  113  6:22  Roach x3  
  119  6:28  Overlord  
  119  6:29  Roach x2  
  123  6:35  Roach x3  
  127  6:40  Roach  
  127  6:41  Roach x2  
  127  6:45  Roach x2  
  136  6:51  Roach x4  
  146  6:54  Roach x2  
  146  6:57  Roach  
  146  7:01  Roach x2  
  154  7:07  Roach x4  
  161  7:12  Roach x2  
  163  7:17  Roach x3  
  163  7:20  Zerg Missile Weapons Level 2  
  163  7:22  Drone  
  160  7:24  Extractor, Drone x2  
  160  7:27  Drone  
  160  7:28  Drone  
  161  7:31  Overlord  
  157  7:38  Ravager x4, Overlord  
  157  7:39  Drone  
  157  7:40  Drone x2, Overlord  
  164  7:48  Drone x2, Overlord  
  166  7:51  Drone, Evolution Chamber  
  166  7:52  Drone x2  
  166  7:53  Roach x2  
  166  7:54  Ravager  
  166  7:57  Overseer  
  173  8:03  Overlord  
  173  8:08  Roach x6  
  185  8:21  Zerg Ground Armor Level 1, Hatchery  
  185  8:23  Roach  
  185  8:24  Infestation Pit  
  185  8:27  Ravager x2  
  185  8:32  Roach  
  185  8:33  Roach x2  
  193  8:36  Roach  
  193  8:37  Roach x2  
  199  8:46  Tunneling Claws  
  199  8:49  Burrow  
  199  9:05  Ravager  
  199  9:06  Hive  
  196  9:35  Roach x5  
  200  9:46  Extractor  
  183  9:54  Roach x9  
  183  9:57  Roach x3  
  199  10:06  Roach  
  197  10:16  Roach x16  
  197  10:17  Ravager x2  
  197  10:18  Ravager  
  197  10:19  Overseer  
  200  10:23  Hydralisk Den  
  199  10:41  Roach x3  
  197  10:43  Roach x2  
  197  10:44  Roach x3  
  197  10:45  Roach  
  197  10:46  Roach x2  
  197  10:47  Roach x2  
  197  10:48  Roach x3  
  197  10:49  Roach  
  170  11:00  Roach x7  
  170  11:01  Roach x11  
  170  11:02  Drone x9  
  196  11:11  Roach x7  
  196  11:17  Roach  
  182  11:25  Roach x6  
  152  11:30  Roach x3  
  128  11:51  Viper  
  128  11:53  Roach x7  
  145  11:57  Roach x23  
  145  11:58  Extractor  
  145  11:59  Drone x5  
  149  12:04  Drone x6  
  155  12:10  Roach x6  
  167  12:19  Ravager x3  

Tags
 
Add a new tag
Caveats
  • Supply blocks, unpowered buildings, or Contaminate may cause inaccurate times.
  • Supply counts are checked every 10 seconds.